PA
SOUTH BEACH BLAZE @ YELLOWKNIFE DRAGONBLOOD
05/17/2025
 
TOP OF THE 1ST
South Beach Blaze batting - Pitching for Yellowknife Dragonblood : LHP Fernando Elías
Pitching: LHP Fernando Elías
Batting: RHB António Ramírez 0-0: Ball
1-0: Swinging Strike
1-1: Ball
2-1: Ball
3-1: Base on Balls
Batting: RHB Steve Irwin 0-0: Ball
1-0: Swinging Strike
1-1: Foul Ball, location: 2F
1-2: Strikes out swinging
Batting: RHB Joseph Papasogli 0-0: Ball
1-0: Ball
2-0: Called Strike
2-1: Ground out 5-3 (Groundball, 56S)
António Ramírez to second
Batting: SHB Jorge Velázquez 0-0: SINGLE (Line Drive, 9S)
António Ramírez to third
Runner from 3rd tries for Home, throw and OUT!
Top of the 1st over - 0 run(s), 1 hit(s), 0 error(s), 1 left on base; South Beach 0 - Yellowknife 0
BOTTOM OF THE 1ST
Yellowknife Dragonblood batting - Pitching for South Beach Blaze : LHP Leoncio Ulibarri
Pitching: LHP Leoncio Ulibarri
Batting: RHB Andrés Escobar 0-0: Ground out 4-3 (Groundball, 4MS)
Batting: RHB Seth Rollins 0-0: Foul Ball, location: 2F
0-1: Swinging Strike
0-2: Strikes out swinging
Batting: RHB Anselmo Berneu 0-0: Fly out, F9 (Flyball, 9LS)
Bottom of the 1st over - 0 run(s), 0 hit(s), 0 error(s), 0 left on base; South Beach 0 - Yellowknife 0
TOP OF THE 2ND
South Beach Blaze batting - Pitching for Yellowknife Dragonblood : LHP Fernando Elías
Batting: RHB Pau Arria 0-0: Called Strike
0-1: Fly out, F6 (Line Drive, 6)
Batting: RHB Dimian Menres 0-0: Ball
1-0: Ball
2-0: Called Strike
2-1: Called Strike
2-2: Strikes out swinging
Batting: RHB Troy Charles 0-0: Ball
1-0: Ball
2-0: Swinging Strike
2-1: Ball
3-1: Base on Balls
Batting: RHB Bastiaan Trommel 0-0: Called Strike
0-1: Ball
1-1: Ball
2-1: Ball
3-1: Swinging Strike
3-2: SINGLE (Groundball, 4D)
Troy Charles to second
Troy Charles to third
Batting: RHB Raúl Moreno 0-0: Swinging Strike
0-1: Called Strike
0-2: Fly out, F8 (Flyball, 8RM)
Top of the 2nd over - 0 run(s), 1 hit(s), 0 error(s), 2 left on base; South Beach 0 - Yellowknife 0
BOTTOM OF THE 2ND
Yellowknife Dragonblood batting - Pitching for South Beach Blaze : LHP Leoncio Ulibarri
Batting: RHB Felipe Campos 0-0: Ball
1-0: Ball
2-0: Called Strike
2-1: Ball
3-1: Foul Ball, location: 2F
3-2: Foul Ball, location: 2F
3-2: Strikes out swinging
Batting: RHB Arturo Sánchez 0-0: Called Strike
0-1: Ball
1-1: Ball
2-1: Foul Ball, location: 2F
2-2: Foul Ball, location: 2F
2-2: Foul Ball, location: 2F
2-2: Strikes out swinging
Batting: RHB IV Seacat 0-0: Ball
1-0: Ball
2-0: Foul Ball, location: 2F
2-1: Fly out, F8 (Flyball, 8LM)
Bottom of the 2nd over - 0 run(s), 0 hit(s), 0 error(s), 0 left on base; South Beach 0 - Yellowknife 0
TOP OF THE 3RD
South Beach Blaze batting - Pitching for Yellowknife Dragonblood : LHP Fernando Elías
Batting: RHB António Ramírez 0-0: Ball
1-0: Called Strike
1-1: SINGLE (Groundball, 56D)
Batting: RHB Steve Irwin 0-0: Called Strike
0-1: Ball
1-1: Swinging Strike
1-2: Ball
2-2: Grounds into double play, 6-4-3 (Groundball, 56)
Batting: RHB Joseph Papasogli 0-0: Foul Ball, location: 2F
0-1: Fly out, F7 (Flyball, 7)
Top of the 3rd over - 0 run(s), 1 hit(s), 0 error(s), 0 left on base; South Beach 0 - Yellowknife 0
BOTTOM OF THE 3RD
Yellowknife Dragonblood batting - Pitching for South Beach Blaze : LHP Leoncio Ulibarri
Batting: LHB Ramón Guzmán 0-0: Called Strike
0-1: Called Strike
0-2: Ball
1-2: Foul Ball, location: 2F
1-2: Foul Ball, location: 2F
1-2: Ground out U3 (Groundball, 34)
Batting: LHB Colin Worthington 0-0: Ball
1-0: Called Strike
1-1: Ball
2-1: Ball
3-1: Called Strike
3-2: Base on Balls
Batting: RHB Keith Kamen 0-0: Swinging Strike
0-1: Called Strike
0-2: Ball
1-2: Strikes out swinging
Batting: RHB Andrés Escobar 0-0: Ball
1-0: Foul Ball, location: 2F
1-1: Swinging Strike
1-2: Strikes out swinging
Bottom of the 3rd over - 0 run(s), 0 hit(s), 0 error(s), 1 left on base; South Beach 0 - Yellowknife 0
TOP OF THE 4TH
South Beach Blaze batting - Pitching for Yellowknife Dragonblood : LHP Fernando Elías
Batting: SHB Jorge Velázquez 0-0: Fly out, F7 (Flyball, 7S)
Batting: RHB Pau Arria 0-0: Called Strike
0-1: SINGLE (Flyball, 89S)
Batting: RHB Dimian Menres 0-0: Ball
1-0: Ball
2-0: Ball
3-0: Called Strike
3-1: 2-RUN HOME RUN (Flyball, 78XD), Distance : 402 ft
Batting: RHB Troy Charles 0-0: Foul Ball, location: 2F
0-1: Ball
1-1: Ball
2-1: Ball
3-1: Foul Ball, location: 2F
3-2: SINGLE (Groundball, 6MD)
Batting: RHB Bastiaan Trommel 0-0: Called Strike
0-1: Foul Ball, location: 2F
0-2: Foul Ball, location: 2F
0-2: Strikes out looking
Batting: RHB Raúl Moreno 0-0: Ball
1-0: Ball
2-0: Called Strike
2-1: Swinging Strike
2-2: Ball
3-2: Base on Balls
Troy Charles to second
Batting: RHB António Ramírez 0-0: Fly out, F9 (Flyball, 9LS)
Top of the 4th over - 2 run(s), 3 hit(s), 0 error(s), 2 left on base; South Beach 2 - Yellowknife 0
BOTTOM OF THE 4TH
Yellowknife Dragonblood batting - Pitching for South Beach Blaze : LHP Leoncio Ulibarri
Batting: RHB Seth Rollins 0-0: Foul Ball, location: 2F
0-1: Fly out, F9 (Flyball, 9LS)
Batting: RHB Anselmo Berneu 0-0: Ball
1-0: Called Strike
1-1: SINGLE (Groundball, 2L) (infield hit)
Batting: RHB Felipe Campos 0-0: Called Strike
0-1: Ball
1-1: Foul Ball, location: 2F
1-2: Grounds into double play, 6-4-3 (Groundball, 6)
Bottom of the 4th over - 0 run(s), 1 hit(s), 0 error(s), 0 left on base; South Beach 2 - Yellowknife 0
TOP OF THE 5TH
South Beach Blaze batting - Pitching for Yellowknife Dragonblood : LHP Fernando Elías
Batting: RHB Steve Irwin 0-0: Ball
1-0: Foul Ball, location: 2F
1-1: Ball
2-1: Fly out, F7 (Flyball, 78XD)
Batting: RHB Joseph Papasogli 0-0: SINGLE (Line Drive, 6)
Batting: SHB Jorge Velázquez 0-0: Called Strike
Joseph Papasogli steals 2nd base
0-1: 2-RUN HOME RUN (Line Drive, 7D), Distance : 362 ft
Pitching: RHP Víctor Solís
Batting: RHB Pau Arria 0-0: Ball
1-0: Ball
2-0: Swinging Strike
2-1: Foul Ball, location: 2F
2-2: Foul Ball, location: 2F
2-2: Foul Ball, location: 2F
2-2: Strikes out swinging
Batting: RHB Dimian Menres 0-0: Called Strike
0-1: Foul Ball, location: 2F
0-2: Ball
1-2: Foul Ball, location: 2F
1-2: Ball
2-2: Ball
3-2: Base on Balls
Batting: RHB Troy Charles 0-0: Ball
1-0: Swinging Strike
1-1: Called Strike
1-2: Fly out, F7 (Flyball, 7)
Top of the 5th over - 2 run(s), 2 hit(s), 0 error(s), 1 left on base; South Beach 4 - Yellowknife 0
BOTTOM OF THE 5TH
Yellowknife Dragonblood batting - Pitching for South Beach Blaze : LHP Leoncio Ulibarri
Batting: RHB Arturo Sánchez 0-0: Swinging Strike
0-1: Foul Ball, location: 2F
0-2: Strikes out swinging
Batting: RHB IV Seacat 0-0: Called Strike
0-1: Foul Ball, location: 2F
0-2: SINGLE (Groundball, 34D)
Batting: LHB Ramón Guzmán 0-0: Ball
1-0: Called Strike
1-1: Foul Ball, location: 2F
1-2: Foul Ball, location: 2F
1-2: Foul Ball, location: 2F
1-2: Ground out 5-3 (Groundball, 56S)
IV Seacat to second
Batting: LHB Colin Worthington 0-0: SINGLE (Line Drive, 7S)
IV Seacat to third
Runner from 3rd tries for Home, SAFE, no throw
Batting: RHB Keith Kamen 0-0: Ball
1-0: Foul Ball, location: 2F
1-1: Swinging Strike
1-2: Ball
2-2: Fly out, F6 (Line Drive, 6)
Bottom of the 5th over - 1 run(s), 2 hit(s), 0 error(s), 1 left on base; South Beach 4 - Yellowknife 1
TOP OF THE 6TH
South Beach Blaze batting - Pitching for Yellowknife Dragonblood : RHP Víctor Solís
Batting: RHB Bastiaan Trommel 0-0: Swinging Strike
0-1: Called Strike
0-2: Foul Ball, location: 2F
0-2: Ball
1-2: Foul Ball, location: 2F
1-2: Foul Ball, location: 2F
1-2: Ball
2-2: Foul Ball, location: 2F
2-2: Ball
3-2: Base on Balls
Batting: RHB Raúl Moreno 0-0: Ball
1-0: Ball
2-0: Ball
3-0: Base on Balls
Bastiaan Trommel to second
Batting: RHB António Ramírez 0-0: Ball
1-0: Called Strike
1-1: Swinging Strike
1-2: Fly out, F9 (Flyball, 9LM)
Batting: RHB Steve Irwin 0-0: Ball
1-0: Ball
2-0: Fly out, F7 (Flyball, 78D)
Batting: RHB Joseph Papasogli 0-0: Ball
1-0: Swinging Strike
1-1: Swinging Strike
1-2: Strikes out swinging
Top of the 6th over - 0 run(s), 0 hit(s), 0 error(s), 2 left on base; South Beach 4 - Yellowknife 1
BOTTOM OF THE 6TH
Yellowknife Dragonblood batting - Pitching for South Beach Blaze : LHP Leoncio Ulibarri
Batting: RHB Andrés Escobar 0-0: Ball
1-0: Foul Ball, location: 2F
1-1: Called Strike
1-2: Ball
2-2: Ball
3-2: Ground out 6-3 (Groundball, 6)
Batting: RHB Seth Rollins 0-0: Fly out, F4 (Flyball, 4MD)
Batting: RHB Anselmo Berneu 0-0: Called Strike
0-1: Ball
1-1: Ball
2-1: Swinging Strike
2-2: Ball
3-2: Foul Ball, location: 2F
3-2: Fly out, F6 (Flyball, 56D)
Bottom of the 6th over - 0 run(s), 0 hit(s), 0 error(s), 0 left on base; South Beach 4 - Yellowknife 1
TOP OF THE 7TH
South Beach Blaze batting - Pitching for Yellowknife Dragonblood : RHP Víctor Solís
Batting: SHB Jorge Velázquez 0-0: Ball
1-0: Ball
2-0: Fly out, F9 (Flyball, 9D)
Batting: RHB Pau Arria 0-0: Called Strike
0-1: Ball
1-1: Fly out, F7 (Line Drive, 78M)
Batting: RHB Dimian Menres 0-0: Called Strike
0-1: Ball
1-1: Ball
2-1: Called Strike
2-2: SINGLE (Groundball, 6D)
Pitching: LHP Corbin Jameson
Batting: RHB Troy Charles 0-0: Ball
1-0: Ground out 5-3 (Groundball, 56S)
Top of the 7th over - 0 run(s), 1 hit(s), 0 error(s), 1 left on base; South Beach 4 - Yellowknife 1
BOTTOM OF THE 7TH
Yellowknife Dragonblood batting - Pitching for South Beach Blaze : LHP Leoncio Ulibarri
Batting: RHB Felipe Campos 0-0: Foul Ball, location: 2F
0-1: Ground out 6-3 (Groundball, 6)
Batting: RHB Arturo Sánchez 0-0: Fly out, F8 (Flyball, 8LS)
Batting: RHB IV Seacat 0-0: Ball
1-0: Ball
2-0: Ball
3-0: Called Strike
3-1: Foul Ball, location: 2F
3-2: Strikes out swinging
Bottom of the 7th over - 0 run(s), 0 hit(s), 0 error(s), 0 left on base; South Beach 4 - Yellowknife 1
TOP OF THE 8TH
South Beach Blaze batting - Pitching for Yellowknife Dragonblood : LHP Corbin Jameson
Batting: RHB Bastiaan Trommel 0-0: Ball
1-0: Ball
2-0: Foul Ball, location: 2F
2-1: Ball
3-1: DOUBLE (Line Drive, 3D)
Batting: RHB Raúl Moreno 0-0: Foul Ball, location: 2F
0-1: Called Strike
0-2: Foul Ball, location: 2F
0-2: Strikes out swinging
Batting: RHB António Ramírez 0-0: Called Strike
0-1: Ball
1-1: Foul Ball, location: 2F
1-2: Strikes out swinging
Batting: RHB Steve Irwin 0-0: Foul Ball, location: 2F
0-1: Ball
1-1: Ball
2-1: Swinging Strike
2-2: Strikes out swinging
Top of the 8th over - 0 run(s), 1 hit(s), 0 error(s), 1 left on base; South Beach 4 - Yellowknife 1
BOTTOM OF THE 8TH
Yellowknife Dragonblood batting - Pitching for South Beach Blaze : LHP Leoncio Ulibarri
Batting: LHB Ramón Guzmán 0-0: SINGLE (Groundball, 4MS) (infield hit)
Batting: LHB Colin Worthington 0-0: Ball
1-0: Ball
2-0: Foul Ball, location: 2F
2-1: Foul Ball, location: 2F
2-2: Ball
3-2: Base on Balls
Ramón Guzmán to second
Batting: RHB Keith Kamen 0-0: Called Strike
0-1: SINGLE (Groundball, 56D)
Ramón Guzmán to third
Colin Worthington to second
Runner from 3rd tries for Home, SAFE, throw made home
Pinch Hitting: RHB Steve Hinkle 0-0: Ball
Balk!
Colin Worthington to third
Keith Kamen to second
1-0: Ball
2-0: Called Strike
2-1: Ball
3-1: Called Strike
3-2: Ground out 5-3 (Groundball, 5S)
Pinch Hitting: RHB Louis Gibbons 0-0: Called Strike
0-1: Ball
1-1: Ball
2-1: Ball
3-1: Base on Balls
Batting: RHB Anselmo Berneu 0-0: Ball
1-0: Ball
2-0: Grounds into fielders choice 4-2 (Groundball, 4)
Keith Kamen to third
Louis Gibbons to second
Pinch Hitting: RHB Sacha Nieuwenburg 0-0: Ball
1-0: Ball
2-0: Ball
3-0: Base on Balls
Keith Kamen scores
Louis Gibbons to third
Anselmo Berneu to second
Batting: RHB Arturo Sánchez 0-0: Ball
1-0: Ball
2-0: Fly out, F8 (Flyball, 8RM)
Bottom of the 8th over - 2 run(s), 2 hit(s), 0 error(s), 3 left on base; South Beach 4 - Yellowknife 3
TOP OF THE 9TH
South Beach Blaze batting - Pitching for Yellowknife Dragonblood : LHP Corbin Jameson
Now at 1B: Steve Hinkle
Now at 2B: Louis Gibbons
Now at SS: Sacha Nieuwenburg
Batting: RHB Joseph Papasogli 0-0: Ground out 6-3 (Groundball, 6)
Batting: SHB Jorge Velázquez 0-0: Ball
1-0: Swinging Strike
1-1: Ball
2-1: Ball
3-1: Called Strike
3-2: Base on Balls
Batting: RHB Pau Arria 0-0: Called Strike
0-1: Ball
1-1: Swinging Strike
1-2: Strikes out swinging
Batting: RHB Dimian Menres 0-0: Called Strike
0-1: Ball
1-1: Ball
2-1: Foul Ball, location: 2F
2-2: Ball
3-2: Fly out, F8 (Flyball, 8RS)
Top of the 9th over - 0 run(s), 0 hit(s), 0 error(s), 1 left on base; South Beach 4 - Yellowknife 3
BOTTOM OF THE 9TH
Yellowknife Dragonblood batting - Pitching for South Beach Blaze : LHP Leoncio Ulibarri
Pitching: RHP Ángel Ruíz
Pinch Hitting: LHB John O'Day 0-0: Ball
1-0: Ball
2-0: Foul Ball, location: 2F
2-1: Called Strike
2-2: Ball
3-2: Foul Ball, location: 2F
3-2: SINGLE (Groundball, 4MD)
Pinch Runner at 1st Martín Alejadre:
Batting: LHB Ramón Guzmán 0-0: Called Strike
0-1: Sac Bunt - play at first, batter OUT! 3-4
Martín Alejadre to second
Batting: LHB Colin Worthington 0-0: Ball
1-0: Foul Ball, location: 2F
1-1: SINGLE (Line Drive, 34)
Martín Alejadre to third
Runner from 3rd tries for Home, SAFE, no throw
Pinch Hitting: LHB Tynan McFetridge 0-0: Grounds into double play, 4-6-3 (Groundball, 4)
Bottom of the 9th over - 1 run(s), 2 hit(s), 0 error(s), 0 left on base; South Beach 4 - Yellowknife 4
TOP OF THE 10TH
South Beach Blaze batting - Pitching for Yellowknife Dragonblood : LHP Corbin Jameson
Pitching: RHP Derrick Quispe
Now at 3B: Tynan McFetridge
Now in LF: Martín Alejadre
Batting: RHB Troy Charles 0-0: Swinging Strike
0-1: Swinging Strike
0-2: DOUBLE (Line Drive, 7LM)
Pinch Hitting: RHB Wade Killefer 0-0: Intentional Walk
Pinch Hitting: LHB Michael Lange 0-0: Called Strike
0-1: Ball
1-1: SINGLE (Groundball, 34D)
Troy Charles to third
Wade Killefer to second
Runner from 3rd tries for Home, SAFE, no throw
Pinch Hitting: SHB José Rico 0-0: Called Strike
0-1: Ball
1-1: Swinging Strike
1-2: Ball
2-2: Ball
3-2: Base on Balls
Wade Killefer to third
Michael Lange to second
Batting: RHB Steve Irwin 0-0: Ball
1-0: Ball
2-0: Foul Ball, location: 2F
2-1: Fly out, F6 (Popup, 6)
Batting: RHB Joseph Papasogli 0-0: Swinging Strike
0-1: Foul Ball, location: 2F
0-2: Ball
1-2: Ball
2-2: Foul Ball, location: 2F
2-2: Grounds into fielders choice 5-2 (Groundball, 5)
Michael Lange to third
José Rico to second
Batting: SHB Jorge Velázquez 0-0: Ball
1-0: Ball
2-0: Ball
3-0: Called Strike
3-1: Ground out 5-3 (Groundball, 56S)
Top of the 10th over - 1 run(s), 2 hit(s), 0 error(s), 3 left on base; South Beach 5 - Yellowknife 4
BOTTOM OF THE 10TH
Yellowknife Dragonblood batting - Pitching for South Beach Blaze : RHP Ángel Ruíz
Now at C: Cody Clinton
Now at 3B: Wade Killefer
Now in CF: Chris Nichols
Batting: RHB Steve Hinkle 0-0: Ball
1-0: Foul Ball, location: 2F
1-1: Foul Ball, location: 2F
1-2: Ball
2-2: Ball
3-2: Strikes out looking
Batting: RHB Louis Gibbons 0-0: Foul Ball, location: 2F
0-1: Called Strike
0-2: Strikes out swinging
Batting: RHB Anselmo Berneu 0-0: SINGLE (Line Drive, 9LS)
Batting: RHB Sacha Nieuwenburg 0-0: Foul Ball, location: 2F
0-1: Swinging Strike
0-2: Foul Ball, location: 2F
0-2: Foul Ball, location: 2F
0-2: Strikes out swinging
Bottom of the 10th over - 0 run(s), 1 hit(s), 0 error(s), 1 left on base; South Beach 5 - Yellowknife 4
Friday, December 30th, 2016 - OOTP Baseball 17.12 Build 75